 Dungeon Crawl Stone Soup version 0.26-a0-738-g91b530ce93 (webtiles) character file.

Game seed: 10423304278413568930

1904 Peloso the Carver (level 8, 0/70 HPs)
             Began as a Minotaur Fighter on Nov 5, 2020.
             Was a Believer of Okawaru.
             Slain by an orc warrior
             ... wielding a +0 halberd
              (5 damage)
             ... in a bailey.
             The game lasted 00:12:40 (5734 turns).

Peloso the Carver (Minotaur Fighter)                Turns: 5734, Time: 00:12:42

Health: 0/70       AC: 15    Str: 21    XL:     8   Next: 94%
Magic:  7/7        EV:  5    Int: 11    God:    Okawaru [**....]
Gold:   304        SH: 11    Dex: 12    Spells: 7/7 levels left

rFire    . . .     SeeInvis .   a - +0 long sword
rCold    . . .     Faith    .   c - +0 kite shield
rNeg     . . .     Spirit   .   e - +0 plate armour
rPois    .         Reflect  .   (helmet restricted)
rElec    .         Harm     .   (no cloak)
rCorr    .         Rampage  .   (no gloves)
MR       .....                  t - +1 pair of boots (curse)
Stlth    ..........             (no amulet)
HPRegen  0.21/turn              i - +6 ring of intelligence
MPRegen  0.10/turn              (no ring)

@: no status effects
A: retaliatory headbutt, horns 2
a: Heroism, Renounce Religion


You were in a bailey.
You worshipped Okawaru.
Okawaru was pleased with you.
You visited 2 branches of the dungeon, and saw 8 of its levels.
You also visited: Bailey.

You collected 382 gold pieces.
You spent 78 gold pieces at shops.

Inventory:

Hand Weapons
 a - a +0 long sword (weapon)
 b - a +5 spear
Missiles
 h - 32 bolts
Armour
 c - a +0 kite shield (worn)
 e - a +0 plate armour (worn)
 t - a cursed +1 pair of boots (worn)
Jewellery
 i - a +6 ring of intelligence (left hand)
 y - an uncursed amulet of guardian spirit {unknown}
Wands
 o - a wand of polymorph (8)
Scrolls
 f - 4 scrolls of identify
 j - a scroll of enchant armour
 k - a scroll of noise
 l - 6 scrolls of teleportation
 m - 4 scrolls of remove curse
 n - a scroll of enchant weapon
 p - a scroll of fog
 q - a scroll of amnesia
 x - a scroll of acquirement
Potions
 d - a potion of might
 r - a potion of brilliance
 s - a potion of curing
 w - a potion of flight
 z - a potion of invisibility


   Skills:
 + Level 6.0 Fighting
 + Level 9.2 Long Blades
 + Level 6.9 Armour
 + Level 1.3 Dodging
 + Level 0.7 Stealth
 + Level 7.8 Shields
 + Level 0.2 Invocations


You had 7 spell levels left.
You didn't know any spells.
Your spell library was empty.

Dungeon Overview and Level Annotations

Branches:
Dungeon (7/15)             Temple (1/1) D:5          Bailey (1/1)

Altars:
Ashenzari
Cheibriados
Dithmenos
Elyvilon
Fedhas
Gozag
Hepliaklqana
Kikubaaqudgha
Makhleb
Nemelex Xobeh
Okawaru
Qazlal
Ru
Sif Muna
Trog
Uskayaw
Vehumet
Wu Jian
Xom
Yredelemnul
Zin
The Shining One

Shops:
D:6 *

Annotations:
D:6 1 runed translucent door, hemabe71's ghost, novice HuAr


Innate Abilities, Weirdness & Mutations

You reflexively headbutt those who attack you in melee.
You have a pair of horns on your head.


Message History

a +3 halberd; a +0 war axe; an orc corpse
Items here: ))) †.
Evoke which item? (* to show all) (? for menu, Esc to quit)
Aiming: Paralyse
Press: ? - help, Shift-Dir - straight line, f - orc warrior
Aim: an orc warrior, wielding a +0 halberd and wearing a +0 chain mail (chance to defeat MR: 46%)
The orc warrior resists with some effort.
The orc warrior hits you from afar with a +0 halberd!
* * * LOW HITPOINT WARNING * * *
You feel better.
The orc warrior hits you from afar with a +0 halberd.
* * * LOW HITPOINT WARNING * * *
Evoke which item? (* to show all) (? for menu, Esc to quit)
Aiming: Paralyse
Press: ? - help, Shift-Dir - straight line, f/p - orc warrior
Aim: an orc warrior, wielding a +0 halberd and wearing a +0 chain mail (chance to defeat MR: 46%)
The orc warrior resists with some effort.
The now-empty wand crumbles to dust.
The orc warrior hits you from afar with a +0 halberd.
You die...

#######
##..)))##
#...)...#
#∩.))))∩#
#...))).#
#.......#
#...@...#
#.......#
#...o...#
#.......#
#.......#
#.......#
##..)..##
###)###
#.))#


You could see an orc warrior.

Vanquished Creatures
  4 orc warriors
  2 ogres
  2 centaurs
  Blork the orc (D:5)
  A bullfrog (D:6)
  2 scorpions (D:5)
  3 wights (D:7)
  3 killer bees (D:7)
  2 howler monkeys (D:4)
  A bullfrog zombie (D:6)
  2 hounds
  2 orc wizards
  A bullfrog skeleton (D:5)
  2 iguanas
  5 worker ants
  A hound skeleton (D:5)
  2 worker ant zombies
  A howler monkey zombie (D:5)
  7 adders
  2 shadow imps (D:6)
  A white imp (D:6)
  An ufetubus (D:5)
  An ooze (D:1)
  3 worms
  2 dart slugs
  A leopard gecko (D:2)
  29 orcs
  3 giant cockroaches
  5 goblins
  13 hobgoblins
  15 jackals
  6 kobolds
  5 quokkas
  2 ball pythons
  A ball python zombie (D:5)
  7 bats
  3 frilled lizards
  A jackal zombie (D:5)
  A leopard gecko zombie (D:5)
  8 rats
154 creatures vanquished.

Vanquished Creatures (others)
  A fungus (D:5)
  5 plants (D:5)
6 creatures vanquished.

Grand Total: 160 creatures vanquished

Notes
Turn   | Place    | Note
-------+----------+-------------------------------------------
     0 | D:1      | Peloso the Minotaur Fighter began the quest for the Orb.
     0 | D:1      | Reached XP level 1. HP: 19/19 MP: 0/0
    70 | D:1      | Reached XP level 2. HP: 27/27 MP: 1/1
   590 | D:2      | Reached XP level 3. HP: 33/33 MP: 2/2
   642 | D:2      | Reached skill level 3 in Long Blades
  1271 | D:2      | Reached XP level 4. HP: 39/41 MP: 3/3
  1490 | D:3      | Found a blossoming altar of Fedhas.
  1648 | D:3      | Found a faded altar of an unknown god.
  2499 | D:4      | Reached skill level 4 in Long Blades
  2499 | D:4      | Reached XP level 5. HP: 47/47 MP: 4/4
  2665 | D:4      | Found a radiant altar of Vehumet.
  2665 | D:4      | Found an ancient bone altar of Kikubaaqudgha.
  2671 | D:4      | Found a shadowy altar of Dithmenos.
  2673 | D:4      | Found a basalt altar of Yredelemnul.
  2675 | D:4      | Found a glowing golden altar of the Shining One.
  2739 | D:4      | Noticed an ogre
  2751 | D:4      | Killed an ogre
  2751 | D:4      | Reached skill level 5 in Shields
  2751 | D:4      | Reached XP level 6. HP: 53/55 MP: 5/5
  2754 | D:4      | Reached skill level 5 in Long Blades
  3200 | D:4      | Found a hide-covered altar of Uskayaw.
  3234 | D:5      | Entered Level 5 of the Dungeon
  3253 | D:5      | Found a staircase to the Ecumenical Temple.
  3292 | Temple   | Entered the Ecumenical Temple
  3297 | Temple   | Became a worshipper of Warmaster Okawaru
  3368 | D:5      | Reached skill level 5 in Armour
  3375 | D:5      | Reached skill level 1 in Dodging
  3492 | D:5      | Reached skill level 6 in Long Blades
  3548 | D:5      | Noticed Blork the orc
  3556 | D:5      | Killed Blork the orc
  3556 | D:5      | Reached skill level 5 in Fighting
  3556 | D:5      | Reached XP level 7. HP: 61/61 MP: 6/6
  3900 | D:5      | Found a sacrificial altar of Ru.
  3971 | D:5      | Reached * piety under Okawaru
  4333 | D:6      | Found Gojuusef's General Store.
  4346 | D:6      | Reached skill level 7 in Long Blades
  4358 | D:6      | Bought a scroll of remove curse for 39 gold pieces
  4358 | D:6      | Bought a scroll of teleportation for 39 gold pieces
  4809 | D:6      | Reached XP level 8. HP: 59/70 MP: 7/7
  4883 | D:6      | Found a shadowy altar of Dithmenos.
  4943 | D:6      | Found a runed translucent door.
  4943 | D:6      | Noticed hemabe71's ghost (novice HuAr)
  5105 | D:6      | Reached skill level 8 in Long Blades
  5182 | D:7      | Reached ** piety under Okawaru
  5288 | D:7      | Found a flagged portal.
  5352 | Bailey   | Entered a bailey
  5447 | Bailey   | Identified a scroll of acquirement
  5685 | Bailey   | Reached skill level 9 in Long Blades
  5734 | Bailey   | Slain by an orc warrior

Illustrated notes

Levels and vault maps discovered:
D:1:      doesnt_arrival_eight_statues, layout_loops_ring
D:2:      layout_loops_corners
D:3:      layout_loops_cross, fedhas_ov_isle_minmay,
          chequers_ecumenical_altar_island, minmay_crystal_water
D:4:      layout_rooms, kennysheep_mini_moat,
          chequers_temple_overflow_minitemple, serial_glass, glass_columns_a,
          glass_columns_b, glass_columns_b, glass_columns_a,
          kennysheep_small_spiral, hangedman_decor_slide_cut
D:5:      layout_cave_pods, minmay_temple_entry_glassed_door,
          nicolae_ru_the_path_less_chosen, uniq_blork_the_orc
D:6:      layout_gridville, serial_shops, nicolae_shop_statue_plus,
          ebering_ghost_reflecting_pool, minmay_misc_feat_roman,
          lemuel_tele_altar
D:7:      layout_loops_cross, enter_bailey_2
Temple:   minmay_freezing_vapour_temple
Bailey:   bailey_polearm_5, bailey

Skill      XL: |  1  2  3  4  5  6  7  8 |
---------------+-------------------------+-----
Fighting       | 4 5 6 |  6.0
Shields        | 4 5 6 7 |  7.8
Armour         | 4 5 6 |  6.9
Long Blades    | 3 4 6 7 9 |  9.2
Dodging        | 1 |  1.3
Stealth        | |  0.7
Invocations    | |  0.2

Action                   |  1- 3 |  4- 6 |  7- 9 || total
-------------------------+-------+-------+-------++-------
Melee: Long sword        |    91 |   175 |   196 ||   462
       Headbutt          |    15 |    27 |    45 ||    87
Invok: Heroism           |       |       |     5 ||     5
Evoke: Wand              |       |       |     3 ||     3
  Use: Potion            |     2 |     1 |     1 ||     4
       Scroll            |       |       |    12 ||    12
 Stab: Paralysed         |       |       |     4 ||     4
Armor: Scale mail        |     3 |       |       ||     3
       Plate armour      |    57 |   127 |   117 ||   301
Dodge: Dodged            |    16 |    31 |    66 ||   113
Block: Kite shield       |    62 |   113 |   174 ||   349
       Rpst.: Long sword |     5 |     8 |    17 ||    30

Table legend: (Time is in decaauts)
 A = Elapsed time spent in this place.
 B = Non-inter-level travel time spent in this place.
 C = Inter-level travel time spent in this place.
 D = Time resting spent in this place.
 E = Time spent auto-exploring this place.
 F = Levels seen in this place.
 G = Mean time per level.
                   A        B        C        D        E       F      G
               +--------+--------+--------+--------+--------+-----+--------+
         Total |   5801 |   5666 |    135 |    281 |   3902 |   9 |  644.6 |
       Dungeon |   5413 |   5278 |    135 |     50 |   3902 |   7 |  773.3 |
        Temple |     11 |     11 |      0 |      0 |      0 |   1 |   11.0 |
        Bailey |    376 |    376 |      0 |    231 |      0 |   1 |  376.0 |
               +--------+--------+--------+--------+--------+-----+--------+

Top non-repeatable levels by time:
     D:5: 1077 daAuts
     D:2: 979 daAuts
     D:3: 974 daAuts
     D:6: 843 daAuts
     D:4: 796 daAuts
     D:1: 538 daAuts
  Bailey: 376 daAuts
     D:7: 203 daAuts
  Temple: 11 daAuts
